 Dungeon Crawl Stone Soup version 0.27.1-35-g4d5d836560 (webtiles) character file.

Game seed: 18087071742949161172

276 Delamore the Sneak (level 6, -5/39 HPs)
             Began as an Octopode Brigand on Apr 29, 2022.
             Slain by an ogre (9 damage)
             ... on level 4 of the Dungeon.
             The game lasted 00:02:22 (3457 turns).

Delamore the Sneak (Octopode Brigand)               Turns: 3457, Time: 00:02:22

Health: -5/39      AC:  1    Str: 11    XL:     6   Next: 25%
Magic:  6/6        EV: 12    Int: 13    God:
Gold:   49         SH:  0    Dex: 15    Spells: 5/5 levels left

rFire    . . .     SeeInvis .   i - +1 dagger (venom)
rCold    . . .     Faith    .   (no shield)
rNeg     . . .     Spirit   .   (helmet restricted)
rPois    .         Reflect  .   (no amulet)
rElec    .         Harm     .   (no ring)
rCorr    .         Rampage  .   (no ring)
Will     .....                  (no ring)
Stlth    +++++.....             (no ring)
HPRegen  0.13/turn              (no ring)
MPRegen  0.10/turn              (no ring)
                                (no ring)
                                (no ring)

@: no status effects
A: almost no armour, amphibious, 8 rings, camouflage 1, gelatinous body 1,
(nimble swimmer 1), tentacles
a: no special abilities


You were on level 4 of the Dungeon.
You visited 1 branch of the dungeon, and saw 4 of its levels.

You collected 49 gold pieces.

Inventory:

Hand Weapons
 a - a +2 dagger
 i - a +1 dagger of venom (weapon)
 l - a +2 short sword of draining
Missiles
 b - 23 poisoned darts (quivered)
 c - 2 curare-tipped darts
Jewellery
 d - a ring of fire
Scrolls
 e - a scroll of identify {unknown}
Potions
 f - a potion of mutation {unknown}
 g - 2 potions of heal wounds {unknown}
 h - 2 potions of haste {unknown}
 j - a potion of lignification {unknown}
 k - 2 potions of might {unknown}


   Skills:
 - Level 2.0 Fighting
 * Level 5.3 Short Blades
 - Level 2.0 Throwing
 - Level 1.0 Dodging
 + Level 7.3 Stealth


You had 5 spell levels left.
You didn't know any spells.
Your spell library was empty.

Dungeon Overview and Level Annotations

Branches:
Dungeon (4/15)
 Temple: D:4-7

Altars:


Innate Abilities, Weirdness & Mutations

You cannot wear most types of armour.
You are amphibious.
You can wear up to eight rings at the same time.
Your skin changes colour to match your surroundings (Stealth+).
Your rubbery body absorbs attacks. (AC +1, EV +1)
((You are camouflaged near water. (Stealth+)))
You have tentacles for arms and can constrict up to eight enemies at once.


Message History

No target in view!
No target in view!
No target in view!
No target in view!
You see here a +2 short sword of draining.
l - a +2 short sword of draining A hobgoblin comes into view.
The hobgoblin shouts!
A hobgoblin is nearby!
A hobgoblin is nearby!
An adder comes into view.
An ogre comes into view. It is wielding a +0 giant spiked club.
The hobgoblin hits you.
The adder hisses angrily.
The ogre shouts!
You hit the hobgoblin but do no damage.
The hobgoblin is poisoned.
You grab the hobgoblin. You squeeze the hobgoblin.
You kill the hobgoblin!
You hit the ogre.
The ogre is poisoned.
The ogre is lightly wounded.
The ogre barely misses you.
You barely miss the ogre.
The ogre is lightly wounded.
You hit the ogre. You squeeze the ogre!
The ogre is heavily wounded.
The ogre hits you with a +0 giant spiked club!!
Ouch! That really hurt!
* * * LOW HITPOINT WARNING * * *
The adder bites you.
* * * LOW HITPOINT WARNING * * *
You are too injured to fight recklessly!
You are too injured to fight recklessly!
You are too injured to fight recklessly!
You are too injured to fight recklessly!
You are too injured to fight recklessly!
You are too injured to fight recklessly!
You are too injured to fight recklessly!
You are too injured to fight recklessly!
You are too injured to fight recklessly!
The ogre hits you with a +0 giant spiked club!
You die...

##........#
#..........
##..........
#...........
#.......... .....#
#.......... ......
#......... ......#
#SO.......
.......###@#.......
........##.##......
.........#.###.....
.........#..# #....
.......<....# #...
............###....
.................
#..........#...##
#...........#..#


You could see an ogre (very poisoned) and an adder.

Vanquished Creatures
  An ogre (D:3)
  A scorpion (D:3)
  Terence (D:3)
  3 adders
  A worm (D:3)
  2 dart slugs
  An orc (D:3)
  7 ball pythons
  6 bats
  5 endoplasms
  3 giant cockroaches
  5 goblins
  10 hobgoblins
  6 kobolds
  6 quokkas
  2 frilled lizards
  8 rats
68 creatures vanquished.

Notes
Turn   | Place    | Note
-------+----------+-------------------------------------------
     0 | D:1      | Delamore the Octopode Brigand began the quest for the Orb.
     0 | D:1      | Reached XP level 1. HP: 14/14 MP: 1/1
   162 | D:1      | Reached XP level 2. HP: 18/19 MP: 2/2
   722 | D:1      | Reached XP level 3. HP: 24/24 MP: 3/3
   728 | D:1      | Found a faded altar of an unknown god.
  1279 | D:2      | Reached skill level 6 in Stealth
  1711 | D:2      | Reached XP level 4. HP: 20/29 MP: 4/4
  2176 | D:3      | Noticed a scorpion
  2183 | D:3      | Killed a scorpion
  2184 | D:3      | Reached XP level 5. HP: 25/34 MP: 5/5
  2386 | D:3      | Noticed Terence
  2395 | D:3      | Killed Terence
  2911 | D:3      | Noticed an ogre
  2922 | D:3      | Killed an ogre
  2923 | D:3      | Reached skill level 5 in Short Blades
  2923 | D:3      | Reached skill level 7 in Stealth
  2923 | D:3      | Reached XP level 6. HP: 39/39 MP: 6/6
  3457 | D:4      | Slain by an ogre

Illustrated notes

Levels and vault maps discovered:
D:1:      scummos_arrival_hexagon, layout_basic,
          shapermc_ecumenical_altar_starsandcircs, serial_forest,
          infiniplex_forest_corner_2, infiniplex_forest_lined_4_way,
          infiniplex_forest_clump_tiny, infiniplex_forest_corner_1,
          infiniplex_forest_clump_small, infiniplex_forest_zigzag_1,
          minmay_unequal
D:2:      layout_basic
D:3:      layout_basic, st_stairs_10, uniq_terence
D:4:      layout_cave_pods, kennysheep_generic_room_11, uniq_grinder

Skill      XL: |  1  2  3  4  5 |
---------------+----------------+-----
Short Blades   | 3 4 5 |  5.3
Stealth        | 6 7 |  7.3
Fighting       | |  2.0
Throwing       | |  2.0
Dodging        | |  1.0

Action                   |  1- 3 |  4- 6 || total
-------------------------+-------+-------++-------
Melee: Dagger            |    72 |    66 ||   138
       Constrict         |    18 |    10 ||    28
       Tentacles         |    11 |    11 ||    22
Throw: Dart              |       |    11 ||    11
 Stab: Sleeping          |    11 |     9 ||    20
Armor: Skin              |     2 |       ||     2
Dodge: Dodged            |    38 |    32 ||    70
